 Dungeon Crawl Stone Soup version 0.29.1-15-g9cfb28693d (webtiles) character file.

Game seed: 3073185140146912957

544 JiaSH the Chopper (level 7, -4/61 HPs)
             Began as a Hill Orc Fighter on Apr 18, 2023.
             Slain by an ogre
             ... wielding a +0 giant spiked club
              (8 damage)
             ... on level 4 of the Dungeon.
             The game lasted 00:32:12 (5851 turns).

JiaSH the Chopper (Hill Orc Fighter)                Turns: 5851, Time: 00:32:13

Health: -4/61      AC: 12    Str: 21    XL:     7   Next: 27%
Magic:  7/7        EV:  8    Int:  8    God:
Gold:   65         SH:  8    Dex: 10    Spells: 6/6 levels left

rFire   . . .      SeeInvis .   a - +0 war axe
rCold   . . .      Faith    .   e - +0 kite shield
rNeg    . . .      Spirit   .   b - +0 scale mail
rPois   .          Reflect  .   (no helmet)
rElec   .          Harm     .   r - +0 cloak
rCorr   .          Rampage  .   p - +1 pair of gloves
Will    +....                   i - +0 pair of boots
Stlth   ..........              (no amulet)
HPRegen 0.20/turn               q - ring of willpower
MPRegen 0.10/turn               f - ring of flight

@: flying
A: no striking features
a: no special abilities


You were on level 4 of the Dungeon.
You visited 1 branch of the dungeon, and saw 6 of its levels.

You collected 188 gold pieces.
You spent 123 gold pieces at shops.

Inventory:

Hand Weapons
 a - a +0 war axe (weapon)
Armour
 b - a +0 scale mail (worn)
 e - a +0 kite shield (worn)
 i - a +0 pair of boots (worn)
 p - a +1 pair of gloves (worn)
 r - a +0 cloak (worn)
Jewellery
 c - a ring of ice
 f - a ring of flight (right hand)
 q - a ring of willpower (left hand)
Wands
 m - a wand of iceblast (12)
Scrolls
 h - 2 scrolls of teleportation
 n - 3 scrolls of identify
 t - a scroll of silence
Potions
 d - a potion of cancellation {unknown}
 g - a potion of heal wounds
 j - a potion of flight
 k - a potion of attraction
 l - a potion of brilliance
 o - a potion of curing
 s - a potion of invisibility {unknown}


   Skills:
 + Level 5.1 Fighting
 + Level 6.4 Axes
 + Level 5.1 Armour
 - Level 0.8 Dodging
 - Level 0.1 Stealth
 + Level 4.8 Shields


You had 6 spell levels left.
You didn't know any spells.
Your spell library contained the following spells:

 Spells                   Type           Power      Damage    Failure   Level
 Freeze                   Ice            0%         1d3       97%         1
 Magic Dart               Conj           0%         1d3       97%         1
 Call Imp                 Summ           0%         N/A       99%         2
 Mephitic Cloud           Conj/Pois/Air  0%         N/A       100%        3
 Airstrike                Air            0%         2d(0-16)  100%        4
 Simulacrum               Ice/Necr       0%         N/A       100%        6
 Storm Form               Tmut/Air       0%         N/A       100%        7


Dungeon Overview and Level Annotations

Branches:
Dungeon (6/15)
 Temple: D:4-7

Altars:
Cheibriados
Ru
Trog
Uskayaw
Vehumet
Wu Jian
Zin

Shops:
D:2 *   D:3 [


Message History

You closely miss Edmund.
Edmund is severely wounded.
You block Edmund's attack.
You barely miss Edmund.
Edmund is severely wounded.
You block Edmund's attack.
Edmund hits you with a +2 dire flail of protection!
You slash Edmund!
Edmund is almost dead.
Edmund closely misses you.
You hit Edmund.
You kill Edmund!
Your Armour skill increases to level 5!
You have reached level 7!
The ogre attacks as you move away! The ogre closely misses you.
The ogre attacks as you move away! The ogre barely misses you.
There is a stone staircase leading up here.
You fly upwards.
There is a stone staircase leading down here.
You start resting.
HP restored.
You fly downwards.
The ogre hits you with a +0 giant spiked club!!
There is a stone staircase leading up, spattered with blood here.
You hit the ogre.
The ogre is lightly wounded.
The ogre hits you with a +0 giant spiked club.
You hit the ogre.
The ogre is moderately wounded.
The ogre hits you with a +0 giant spiked club!!
* * * LOW HITPOINT WARNING * * *
The ogre hits you with a +0 giant spiked club!
* * * LOW HITPOINT WARNING * * *
You fly upwards.
There is a stone staircase leading down here.
The ogre attacks as you move away!
The ogre hits you with a +0 giant spiked club.
* * * LOW HITPOINT WARNING * * *
The ogre hits you with a +0 giant spiked club!
You die...

.# ####.O........####...####
.## #.##........#.# ##.##
..#####.##.###....#.#####.####
#..)...)#..# #......##.......#
###.###.#..# ##.######.##.##.#
#.# #.#.#####.#### #.#...#.#
#.###.####.......# #...#...#
#.......##.......# #.#.....#
#.#####.##....@..###.##)#..#
#.##...###.>..O..##........#
#.##...# #.......##..####.##
#......###.......##..####.#
####...[##.......##.......#
#.....###########.#######
##.#...#### #.#
#.........###### #.#
#.........##...###.#


You could see an ogre.

Vanquished Creatures
  Edmund (D:5)
  A necrophage (D:4)
  A jelly (D:5)
  A hound (D:5)
  2 iguanas (D:5)
  Jessica (D:2)
  Terence (D:2)
  Ijyb (D:3)
  An orc wizard (D:5)
  3 adders
  3 gnolls (D:3)
  An ufetubus (D:5)
  4 worms
  7 orcs
  9 ball pythons
  8 bats
  5 endoplasms
  4 giant cockroaches
  9 hobgoblins
  3 quokkas
  3 frilled lizards
  3 goblins
  3 kobolds
  5 rats
80 creatures vanquished.

Vanquished Creatures (others)
  3 plants (D:5)
3 creatures vanquished.

Grand Total: 83 creatures vanquished

Notes
Turn   | Place    | Note
-------+----------+-------------------------------------------
     0 | D:1      | JiaSH the Hill Orc Fighter began the quest for the Orb.
     0 | D:1      | Reached XP level 1. HP: 19/19 MP: 1/1
     7 | D:1      | Got the Directory of the Overcast Winter
   176 | D:1      | Reached XP level 2. HP: 23/27 MP: 2/2
   374 | D:2      | Found a hide-covered altar of Uskayaw.
   501 | D:1      | Found a faded altar of an unknown god.
   817 | D:1      | Reached XP level 3. HP: 34/34 MP: 3/3
  1287 | D:2      | Reached skill level 3 in Axes
  1400 | D:2      | Noticed Terence
  1406 | D:2      | Killed Terence
  1407 | D:2      | Reached XP level 4. HP: 34/41 MP: 4/4
  1592 | D:2      | Found Xomin's General Store.
  1602 | D:2      | Bought a scroll of vulnerability for 48 gold pieces
  1602 | D:2      | Bought a potion of degeneration for 12 gold pieces
  1761 | D:2      | Noticed Jessica
  1763 | D:2      | Killed Jessica
  2229 | D:3      | HP: 2/41 [gnoll/+0 halberd (11)]
  2528 | D:3      | Reached skill level 4 in Axes
  2796 | D:3      | Reached XP level 5. HP: 24/47 MP: 5/5
  3209 | D:3      | Noticed Ijyb
  3231 | D:3      | Killed Ijyb
  3344 | D:3      | Found Jikueb's Armour Shoppe.
  3705 | D:3      | Found a radiant altar of Vehumet.
  3912 | D:3      | Bought a +0 cloak for 63 gold pieces
  4051 | D:4      | Reached skill level 5 in Axes
  4051 | D:4      | Reached XP level 6. HP: 36/55 MP: 6/6
  4131 | D:5      | Entered Level 5 of the Dungeon
  5254 | D:5      | Found a snail-covered altar of Cheibriados.
  5254 | D:5      | Found a glowing silver altar of Zin.
  5254 | D:5      | Found a bloodstained altar of Trog.
  5532 | D:5      | Found a sacrificial altar of Ru.
  5532 | D:5      | Found an ornate altar of the Wu Jian Council.
  5539 | D:5      | Reached skill level 5 in Fighting
  5613 | D:5      | Reached skill level 6 in Axes
  5674 | D:5      | Noticed Edmund
  5688 | D:5      | Killed Edmund
  5689 | D:5      | Reached skill level 5 in Armour
  5689 | D:5      | Reached XP level 7. HP: 30/61 MP: 7/7
  5848 | D:4      | HP: 3/61 [ogre/+0 giant spiked club (5)]
  5851 | D:4      | Slain by an ogre

Illustrated notes

Levels and vault maps discovered:
D:1:      lightli_arrival_quake, layout_loops_corners,
          dreamdust_ecumenical_altar_statues
D:2:      layout_basic, serial_shops, nicolae_lakefront_shop, basic_altar,
          uniq_jessica, uniq_terence
D:3:      layout_basic, mainiacjoe_overflow_concentric_impassable, serial_shops,
          nicolae_shop_stone, uniq_ijyb
D:4:      layout_loops_cross, nrook_campfire, minmay_misc_feat_encased
D:5:      layout_loops_ring, gammafunk_temple_overflow_forgotten,
          nicolae_overflow_two_pavilions, kennysheep_donut,
          lightli_corner_chamber, uniq_edmund
D:6:      cheibrodos_steamvent, layout_basic, minmay_temple_entry_glass

Skill      XL: |  1  2  3  4  5  6 |
---------------+-------------------+-----
Fighting       | 4 5 |  5.1
Axes           | 3 4 5 6 |  6.4
Armour         | 4 5 |  5.1
Shields        | 4 |  4.8
Dodging        | |  0.8
Stealth        | |  0.1

Action                   |  1- 3 |  4- 6 |  7- 9 || total
-------------------------+-------+-------+-------++-------
Melee: War axe           |    99 |   235 |     2 ||   336
  Use: Potion            |     5 |     3 |       ||     8
       Scroll            |     3 |     1 |       ||     4
Armor: Scale mail        |    54 |   109 |       ||   163
Dodge: Dodged            |    47 |    75 |     2 ||   124
Block: Buckler           |    23 |       |       ||    23
       Kite shield       |     5 |   117 |       ||   122
